Map: 瀑布

Players

DPGJieShi (Jieshi)

  • Race: Protoss Protoss
  • Spawn Location: 7:00

SpeCial - Winner!

  • Race: Terran Terran
  • Spawn Location: 1:00

Event: DreamHack SC2 Masters 2022 Atlanta (Offline)

VOD

Have the link to the VOD?

Description

Time

  • Played on: Nov. 18, 2022, 10:30 a.m.
  • Length: 8:40

All games in this series

Show
View Real Time Build Order
Export as new Build Order

DPGJieShi Protoss 

Build Orders: 1 Gate Expand, Blink Stalkers 

Get SALT Encoding   

  12  0:00  Probe  
  13  0:12  Probe  
  14  0:18  Pylon  
  14  0:24  Probe (Chrono Boost)  
  15  0:37  Probe (Chrono Boost), Gateway  
  16  0:45  Probe (Chrono Boost)  
  16  0:46  Assimilator  
  17  0:51  Probe  
  18  1:03  Probe  
  19  1:15  Probe  
  20  1:24  Cybernetics Core  
  20  1:32  Nexus  
  20  1:38  Pylon  
  20  1:40  Probe  
  20  1:46  Assimilator  
  21  1:52  Probe  
  22  1:57  Adept (Chrono Boost)  
  22  2:00  Warp Gate  
  24  2:05  Probe  
  25  2:16  Twilight Council  
  25  2:17  Probe  
  26  2:23  Stalker (Chrono Boost)  
  26  2:29  Probe  
  29  2:43  Probe (Chrono Boost)  
  30  2:46  Probe (Chrono Boost)  
  31  2:55  Stalker  
  31  2:57  Blink (Chrono Boost)  
  31  2:58  Probe x2 (Chrono Boost)  
  34  3:05  Probe  
  34  3:06  Probe  
  34  3:09  Gateway  
  35  3:17  Probe  
  35  3:18  Probe  
  33  3:29  Probe  
  33  3:30  Probe  
  33  3:41  Probe  
  33  3:42  Robotics Facility, Probe  
  35  3:50  Gateway  
  35  3:53  Probe  
  35  3:54  Probe  
  37  3:55  Stalker  
  37  3:58  Pylon  
  39  4:06  Probe x2  
  39  4:09  Pylon  
  41  4:11  Stalker  
  43  4:18  Probe  
  43  4:19  Probe  
  43  4:21  Stalker  
  47  4:24  Assimilator  
  47  4:26  Assimilator  
  47  4:30  Probe  
  48  4:32  Observer  
  48  4:35  Probe  
  49  4:42  Probe  
  49  4:54  Observer  
  50  5:05  Probe  
  51  5:17  Robotics Bay, Probe  
  51  5:33  Probe  
  52  5:36  Probe  
  53  5:46  Probe (Chrono Boost)  
  53  5:48  Probe (Chrono Boost)  
  54  5:52  Observer  
  55  5:58  Probe (Chrono Boost)  
  55  5:59  Sentry x2  
  55  6:00  Probe (Chrono Boost), Pylon  
  61  6:05  Probe (Chrono Boost)  
  61  6:06  Pylon  
  62  6:15  Colossus (Chrono Boost)  
  62  6:17  Observer  
  62  6:19  Charge (Chrono Boost), Extended Thermal Lance  
  62  6:23  Observer  
  68  6:26  Sentry  
  70  6:33  Nexus  
  70  6:36  Pylon  
  70  6:53  Forge  
  71  6:54  Gateway  
  71  6:57  Shield Battery  
  71  6:59  Colossus (Chrono Boost)  
  76  7:04  Probe x2  
  76  7:06  Stalker  
  80  7:10  Stalker  
  80  7:14  Stalker  
  84  7:19  Pylon  
  84  7:20  Probe  
  79  7:38  Stalker  
  79  7:39  Zealot, Stalker  
  82  7:44  Probe  
  82  7:48  Zealot, Observer  
  82  7:55  Gateway  
  80  8:01  Zealot  
  80  8:03  Zealot x2  
  79  8:10  Zealot  
  81  8:14  Probe x3  
  81  8:15  Gateway  
  81  8:16  Gateway  
  81  8:17  Robotics Facility  
  84  8:24  Zealot x2  
  84  8:26  Zealot  
  83  8:32  Zealot  
Show
View Real Time Build Order
Export as new Build Order

SpeCial Terran - Winner!

Build Orders:  

Get SALT Encoding   

  12  0:00  SCV  
  13  0:12  SCV  
  14  0:17  Supply Depot  
  14  0:24  SCV  
  15  0:39  SCV  
  15  0:41  Barracks  
  16  0:45  Refinery  
  16  0:51  SCV  
  16  0:54  Refinery  
  17  1:03  SCV  
  18  1:15  SCV  
  19  1:28  Reaper, Orbital Command  
  20  1:43  Factory  
  20  1:45  Supply Depot  
  20  1:54  SCV  
  20  2:00  Reaper  
  22  2:06  SCV  
  23  2:18  SCV  
  24  2:24  Command Center  
  24  2:28  Hellion  
  26  2:31  SCV  
  27  2:40  Starport  
  28  2:44  SCV  
  28  2:51  Widow Mine  
  30  2:56  SCV  
  31  3:00  Barracks Reactor  
  31  3:05  Supply Depot  
  31  3:20  SCV  
  31  3:27  Medivac, Widow Mine  
  31  3:32  SCV  
  35  3:35  Armory  
  35  3:36  Marine  
  35  3:37  Marine  
  37  3:44  SCV  
  37  3:45  Orbital Command  
  38  3:50  Widow Mine  
  38  3:54  Marine x2  
  42  3:56  SCV  
  42  4:00  Supply Depot, Medivac  
  45  4:06  Bunker  
  45  4:08  SCV  
  46  4:10  SCV  
  46  4:12  Marine x2  
  46  4:15  Widow Mine  
  51  4:20  SCV  
  51  4:22  SCV  
  51  4:32  Marine x2  
  51  4:35  Starport Tech Lab  
  51  4:36  SCV  
  54  4:41  Factory Tech Lab  
  54  4:45  SCV  
  55  4:47  Supply Depot  
  55  4:48  SCV  
  55  4:50  Marine x2  
  58  4:55  Raven  
  58  4:57  SCV  
  58  4:59  Barracks x2  
  59  5:00  SCV  
  59  5:02  Supply Depot, Refinery  
  60  5:07  Marine  
  60  5:08  Siege Tank  
  60  5:13  Marine  
  65  5:17  SCV x2  
  65  5:18  Supply Depot  
  63  5:25  Marine  
  63  5:28  Engineering Bay  
  64  5:29  SCV  
  64  5:31  Marine  
  64  5:33  SCV  
  65  5:41  SCV  
  69  5:43  Marine  
  69  5:44  Starport Reactor  
  69  5:45  SCV  
  68  5:53  SCV, Refinery  
  68  5:54  Stimpack, Marauder  
  68  5:55  Combat Shield  
  68  5:56  Marauder, Factory Reactor  
  71  5:59  SCV  
  72  6:04  Supply Depot  
  72  6:05  SCV  
  72  6:07  Marine x2  
  75  6:12  Supply Depot  
  75  6:15  Terran Infantry Weapons Level 1  
  75  6:18  SCV x2  
  77  6:20  Marauder x2  
  77  6:25  Marine x2  
  82  6:26  Medivac  
  82  6:28  Supply Depot  
  85  6:34  Medivac  
  85  6:38  Supply Depot  
  87  6:41  Widow Mine  
  87  6:42  Marauder x2  
  87  6:43  Marine x2  
  87  6:44  Widow Mine  
  97  6:51  SCV x2  
  99  7:01  Marine x2  
  101  7:02  Medivac, Widow Mine  
  101  7:03  Marauder x2  
  101  7:06  Widow Mine  
  111  7:08  Command Center  
  111  7:11  Medivac  
  111  7:13  Supply Depot  
  113  7:16  Concussive Shells  
  113  7:18  Marine x2  
  115  7:25  SCV  
  110  7:31  Barracks x2, Widow Mine x2  
  110  7:34  Marauder, Marine  
  110  7:36  Marine  
  106  7:51  Medivac x2  
  106  7:52  Widow Mine x2, Marine  
  106  7:53  Marauder  
  106  7:54  SCV x2  
  118  8:06  SCV, Marine  
  118  8:07  Marauder  
  118  8:10  Marine  
  118  8:11  SCV  
  121  8:14  Widow Mine x2  
  121  8:16  Supply Depot  
  121  8:18  SCV  
Tags
 
Add a new tag
Caveats
  • Supply blocks, unpowered buildings, or Contaminate may cause inaccurate times.
  • Supply counts are checked every 10 seconds.